Map: Ujari

Players

OldSmurf - Winner!

  • Race: Protoss Protoss
  • League: Gold
  • Spawn Location: 0:00

newb - Winner!

  • Race: Protoss Protoss
  • Spawn Location: 3:00

Metasapien - Winner!

  • Race: Zerg Zerg
  • League: Platinum
  • Spawn Location: 3:00

tung

  • Race: Zerg Zerg
  • Spawn Location: 9:00

Sophisticake

  • Race: Terran Terran
  • Spawn Location: 9:00

Michael

  • Race: Protoss Protoss
  • League: Platinum
  • Spawn Location: 0:00

VOD

Have the link to the VOD?

Description

Time

  • Played on: Sept. 24, 2017, 4:26 a.m.
  • Length: 19:35
Show
View Real Time Build Order
Export as new Build Order

OldSmurf Protoss - Winner!

Build Orders:  

Get SALT Encoding   

  12  0:01  Probe (Chrono Boost)  
  13  0:12  Probe (Chrono Boost)  
  14  0:21  Pylon  
  14  0:24  Probe (Chrono Boost)  
  15  0:40  Probe (Chrono Boost)  
  15  0:41  Gateway  
  16  0:47  Assimilator  
  16  0:56  Probe (Chrono Boost)  
  17  1:06  Probe (Chrono Boost)  
  18  1:17  Probe (Chrono Boost)  
  19  1:36  Cybernetics Core  
  19  1:39  Gateway  
  19  1:41  Gateway  
  19  1:43  Probe (Chrono Boost)  
  20  1:47  Assimilator  
  20  1:53  Probe (Chrono Boost)  
  21  1:54  Pylon  
  21  2:04  Probe (Chrono Boost)  
  22  2:22  Nexus  
  22  2:26  Probe (Chrono Boost)  
  25  2:37  Mothership Core (Chrono Boost)  
  25  2:43  Pylon  
  25  2:55  Probe (Chrono Boost)  
  25  3:06  Probe (Chrono Boost), Stalker x2  
  30  3:19  Probe (Chrono Boost)  
  31  3:25  Stalker  
  33  3:30  Probe (Chrono Boost)  
  34  3:40  Probe (Chrono Boost)  
  35  3:45  Pylon  
  35  3:51  Probe (Chrono Boost)  
  36  4:05  Stalker x2  
  36  4:06  Stalker  
  42  4:17  Probe x2 (Chrono Boost), Forge  
  44  4:21  Assimilator  
  44  4:27  Probe x2 (Chrono Boost)  
  46  4:38  Probe x2 (Chrono Boost)  
  48  4:41  Stalker x3  
  54  5:20  Probe x2 (Chrono Boost)  
  54  5:30  Probe x2 (Chrono Boost)  
  56  5:36  Pylon  
  56  5:40  Pylon  
  56  5:41  Probe x2 (Chrono Boost)  
  58  5:51  Probe x2 (Chrono Boost)  
  60  6:04  Pylon  
  60  6:07  Pylon  
  60  6:11  Pylon  
  60  6:13  Probe (Chrono Boost), Nexus  
  60  6:14  Probe (Chrono Boost)  
  60  6:15  Assimilator  
  62  6:18  Assimilator  
  62  6:19  Assimilator  
  62  6:23  Probe (Chrono Boost)  
  62  6:24  Probe (Chrono Boost)  
  64  6:26  Pylon  
  64  6:33  Photon Cannon  
  64  6:34  Probe (Chrono Boost)  
  64  6:35  Probe (Chrono Boost), Photon Cannon  
  66  6:49  Nexus  
  66  6:52  Pylon  
  66  6:55  Pylon  
  66  6:59  Pylon  
  66  7:03  Probe x2 (Chrono Boost)  
  66  7:04  Pylon  
  66  7:06  Assimilator  
  68  7:10  Assimilator  
  68  7:14  Probe x2 (Chrono Boost)  
  70  7:24  Probe (Chrono Boost)  
  70  7:25  Probe (Chrono Boost)  
  72  7:30  Robotics Facility  
  72  7:32  Stargate  
  72  7:34  Stargate  
  72  7:35  Probe x2 (Chrono Boost)  
  74  7:39  Stargate  
  74  7:41  Stargate  
  74  7:44  Stargate  
  74  7:50  Probe x3 (Chrono Boost)  
  77  8:00  Probe x3 (Chrono Boost)  
  80  8:05  Photon Cannon  
  80  8:10  Probe x2 (Chrono Boost)  
  80  8:11  Probe (Chrono Boost)  
  83  8:14  Protoss Air Weapons Level 1 (Chrono Boost)  
  83  8:20  Probe x2  
  83  8:22  Probe  
  83  8:24  Fleet Beacon  
  86  8:29  Cybernetics Core  
  86  8:30  Probe  
  87  8:34  Probe  
  88  8:45  Probe  
  89  8:49  Probe x2  
  89  8:50  Probe  
  92  8:56  Probe  
  92  8:59  Probe x2  
  92  9:00  Void Ray x4 (Chrono Boost)  
  92  9:02  Probe  
  116  9:03  Void Ray (Chrono Boost)  
  116  9:06  Probe  
  115  9:10  Probe x2  
  115  9:14  Probe  
  116  9:18  Probe  
  117  9:25  Stalker  
  115  9:40  Void Ray x2 (Chrono Boost)  
  115  9:44  Void Ray x2 (Chrono Boost)  
  127  9:47  Void Ray (Chrono Boost)  
  123  10:15  Observer (Chrono Boost)  
  116  10:34  Observer (Chrono Boost)  
  95  10:58  Probe  
  95  10:59  Probe x3  
  99  11:06  Carrier  
  99  11:10  Void Ray  
  99  11:11  Void Ray, Probe x4  
  102  11:12  Assimilator  
  102  11:16  Void Ray x2  
  125  11:23  Probe x4  
  129  11:29  Pylon  
  129  11:31  Pylon  
  129  11:35  Probe x4  
  133  11:41  Pylon  
  133  11:43  Carrier, Protoss Air Weapons Level 2  
  133  11:47  Probe  
  140  11:59  Mothership Core  
  139  12:35  Pylon  
  139  12:36  Protoss Air Armor Level 1  
  145  12:39  Pylon  
  132  13:06  Immortal (Chrono Boost)  
  136  13:37  Pylon  
  131  13:42  Pylon  
  131  13:44  Stalker x3  
  115  14:00  Carrier (Chrono Boost)  
  115  14:06  Carrier x2 (Chrono Boost)  
  115  14:13  Carrier (Chrono Boost)  
  115  14:14  Pylon  
  111  14:26  Pylon  
  111  14:29  Pylon  
  111  14:33  Forge  
  111  14:57  Stalker x2 (Chrono Boost)  
  111  14:58  Stalker (Chrono Boost)  
  117  15:16  Assimilator  
  117  15:24  Stalker (Chrono Boost)  
  119  15:34  Fleet Beacon, Stalker x2 (Chrono Boost)  
  123  15:42  Pylon  
  123  15:45  Protoss Ground Weapons Level 1  
  123  15:47  Pylon  
  123  15:50  Stalker (Chrono Boost)  
  125  16:00  Stalker x2 (Chrono Boost)  
  114  16:36  Stalker x3 (Chrono Boost)  
  114  16:38  Carrier x3 (Chrono Boost)  
  118  16:48  Carrier (Chrono Boost)  
  116  17:02  Stalker  
  116  17:03  Stalker  
  120  17:45  Stalker x3  
  126  17:55  Carrier (Chrono Boost)  
  126  17:56  Carrier x2 (Chrono Boost)  
  144  18:03  Mothership Core  
  152  18:09  Carrier (Chrono Boost)  
  157  18:40  Zealot x2 (Chrono Boost)  
  157  18:41  Zealot (Chrono Boost)  
  159  19:05  Zealot x3 (Chrono Boost)  
  165  19:13  Twilight Council  
Show
View Real Time Build Order
Export as new Build Order

newb Protoss - Winner!

Build Orders:  

Get SALT Encoding   

  12  0:02  Probe (Chrono Boost)  
  13  0:12  Probe (Chrono Boost)  
  14  0:19  Pylon  
  14  0:23  Probe (Chrono Boost)  
  15  0:38  Probe (Chrono Boost)  
  15  0:41  Forge  
  16  0:48  Probe (Chrono Boost)  
  17  1:07  Probe (Chrono Boost)  
  18  1:26  Probe (Chrono Boost)  
  18  1:28  Photon Cannon  
  19  1:37  Probe (Chrono Boost)  
  19  1:45  Nexus  
  19  1:48  Probe (Chrono Boost), Pylon  
  20  1:58  Probe (Chrono Boost)  
  21  2:03  Pylon  
  21  2:05  Assimilator  
  21  2:09  Probe (Chrono Boost)  
  21  2:11  Gateway  
  22  2:16  Assimilator  
  22  2:19  Probe (Chrono Boost)  
  23  2:32  Probe (Chrono Boost)  
  24  2:42  Probe (Chrono Boost)  
  25  2:53  Probe (Chrono Boost)  
  26  3:03  Probe x2 (Chrono Boost)  
  26  3:05  Photon Cannon  
  28  3:11  Photon Cannon  
  28  3:13  Probe (Chrono Boost)  
  28  3:14  Probe (Chrono Boost)  
  28  3:19  Cybernetics Core  
  30  3:24  Probe (Chrono Boost), Pylon  
  31  3:27  Pylon  
  31  3:30  Probe (Chrono Boost)  
  32  3:34  Probe (Chrono Boost)  
  34  3:41  Probe (Chrono Boost)  
  34  3:45  Probe (Chrono Boost)  
  36  3:55  Probe (Chrono Boost)  
  36  4:00  Nexus  
  36  4:03  Pylon  
  36  4:05  Warp Gate (Chrono Boost), Probe (Chrono Boost)  
  36  4:08  Assimilator  
  37  4:14  Mothership Core  
  37  4:15  Probe  
  40  4:25  Probe  
  40  4:27  Twilight Council  
  41  4:31  Gateway  
  41  4:33  Gateway  
  41  4:35  Gateway  
  41  4:36  Probe x2  
  43  4:41  Gateway  
  43  4:45  Gateway  
  43  4:47  Gateway  
  43  4:48  Probe  
  44  4:54  Probe  
  44  4:58  Charge (Chrono Boost)  
  45  5:00  Probe  
  45  5:05  Probe  
  47  5:12  Probe  
  48  5:14  Probe  
  48  5:18  Probe  
  50  5:24  Probe  
  50  5:25  Probe  
  52  5:28  Protoss Ground Weapons Level 1 (Chrono Boost)  
  52  5:30  Probe  
  52  5:35  Probe, Pylon  
  53  5:37  Probe  
  53  5:41  Pylon  
  55  5:45  Probe  
  55  5:49  Probe  
  57  5:50  Robotics Facility  
  57  5:53  Pylon  
  57  6:03  Zealot x5  
  57  6:04  Zealot  
  69  6:09  Probe  
  69  6:10  Pylon  
  70  6:12  Probe  
  70  6:13  Probe  
  70  6:18  Resonating Glaives, Pylon  
  72  6:20  Pylon  
  72  6:21  Probe  
  72  6:23  Probe  
  72  6:24  Probe, Assimilator  
  72  6:25  Zealot x4  
  79  6:26  Zealot  
  79  6:27  Zealot  
  87  6:33  Probe, Photon Cannon  
  87  6:34  Probe  
  87  6:37  Immortal  
  93  6:40  Probe  
  93  6:44  Probe  
  93  6:45  Assimilator  
  95  6:51  Assimilator  
  95  6:53  Probe  
  96  6:55  Probe, Photon Cannon  
  96  6:57  Stalker  
  96  6:58  Stalker x3  
  105  7:04  Forge  
  105  7:06  Forge  
  105  7:12  Robotics Facility  
  105  7:15  Protoss Ground Weapons Level 2 (Chrono Boost)  
  105  7:17  Immortal  
  105  7:18  Pylon  
  109  7:24  Pylon  
  109  7:26  Zealot  
  109  7:27  Zealot x4  
  109  7:28  Zealot  
  121  7:35  Probe  
  122  7:43  Blink  
  122  7:45  Probe  
  122  7:47  Stalker x3  
  122  7:48  Stalker x2  
  133  7:57  Pylon  
  133  8:02  Nexus  
  133  8:07  Pylon, Immortal  
  133  8:08  Observer  
  138  8:22  Protoss Shields Level 1 (Chrono Boost)  
  138  8:24  Stalker  
  138  8:25  Stalker x2, Zealot  
  138  8:26  Zealot  
  148  8:30  Protoss Ground Armor Level 1 (Chrono Boost)  
  148  8:33  Pylon  
  148  8:39  Immortal  
  152  8:47  Immortal  
  156  8:49  Dark Shrine  
  156  8:51  Stalker  
  158  8:56  Stalker, Zealot  
  158  8:57  Zealot x2  
  166  9:04  Pylon  
  83  9:35  Immortal x2  
  83  9:37  Stalker x4  
  83  9:38  Stalker x2  
  70  10:10  Probe  
  71  10:15  Stalker  
  71  10:16  Stalker x3  
  71  10:20  Probe  
  79  10:22  Protoss Ground Weapons Level 3 (Chrono Boost), Probe  
  79  10:25  Assimilator  
  81  10:28  Protoss Ground Armor Level 2 (Chrono Boost)  
  81  10:30  Probe, Observer x2  
  81  10:31  Assimilator, Zealot  
  81  10:33  Zealot  
  81  10:35  Probe  
  89  10:41  Probe, Photon Cannon  
  90  10:44  Photon Cannon  
  90  10:47  Probe, Zealot  
  90  10:48  Zealot x3  
  99  10:51  Probe  
  99  10:54  Protoss Shields Level 2 (Chrono Boost)  
  100  10:59  Probe  
  100  11:02  Probe  
  102  11:08  Dark Templar x2  
  102  11:09  Zealot x2  
  102  11:10  Zealot x2  
  102  11:11  Probe  
  115  11:12  Probe  
  115  11:13  Probe  
  117  11:23  Probe  
  117  11:25  Probe  
  119  11:32  Immortal x2  
  127  11:33  Probe, Stalker  
  127  11:34  Stalker x3  
  127  11:37  Probe  
  137  11:44  Probe  
  138  11:53  Stalker x2  
  142  11:55  Probe  
  142  11:59  Stalker x2  
  142  12:00  Stalker x2  
  151  12:03  Gateway  
  151  12:13  Immortal  
  151  12:14  Immortal  
  158  12:24  Stalker x4  
  158  12:25  Stalker x2  
  170  12:49  Stalker  
  170  12:50  Stalker x4  
  170  12:51  Stalker  
  153  13:24  Stalker x3  
  153  13:25  Stalker x4  
  163  13:36  Nexus  
  141  14:01  Dark Templar  
  141  14:02  Dark Templar x4  
  107  15:21  Stalker x3  
  89  15:22  Stalker x4  
  101  15:37  Gateway  
  101  15:39  Gateway  
  101  15:42  Gateway  
  101  15:45  Gateway  
  101  15:46  Gateway  
  101  15:48  Protoss Ground Armor Level 3 (Chrono Boost)  
  101  15:49  Pylon  
  101  15:50  Stalker x4  
  101  15:52  Stalker x3  
  115  15:59  Protoss Shields Level 3 (Chrono Boost)  
  115  16:22  Stalker x5  
  125  16:47  Dark Templar  
  125  16:48  Dark Templar x4  
  125  16:50  Stalker x2  
  125  16:51  Stalker x4  
  125  16:52  Stalker  
  131  17:22  Stalker x2  
  133  17:23  Stalker x5  
  133  17:27  Stalker x5  
  153  17:46  Observer x2  
  153  17:50  Stalker x2  
  153  17:51  Stalker x2  
  163  17:52  Stalker x3  
  163  17:54  Stalker x2  
  163  17:55  Stalker x3  
  179  18:15  Stalker x3  
  179  18:16  Stalker x2  
  179  18:18  Stalker  
  179  18:19  Stalker x4  
  199  18:44  Pylon  
  199  18:47  Pylon  
Show
View Real Time Build Order
Export as new Build Order

Metasapien Zerg - Winner!

Build Orders: Pool First 

Get SALT Encoding   

  12  0:43  Drone x2  
  12  0:44  Spawning Pool  
  13  1:10  Overlord  
  13  1:13  Extractor  
  13  1:17  Hatchery  
  11  1:22  Drone  
  11  1:23  Drone  
  13  1:27  Drone  
  14  1:39  Drone  
  16  1:47  Drone  
  16  2:02  Drone  
  17  2:11  Zergling x2  
  18  2:19  Drone  
  19  2:32  Drone  
  19  2:33  Queen  
  22  2:39  Overlord, Hatchery  
  21  2:48  Queen  
  23  2:53  Metabolic Boost  
  23  3:03  Zergling x4  
  23  3:05  Zergling x2  
  26  3:07  Zergling x2  
  27  3:15  Drone  
  28  3:21  Drone  
  28  3:22  Drone  
  30  3:32  Lair  
  30  3:38  Zergling x4  
  30  3:48  Drone x2, Spore Crawler  
  30  3:53  Zergling x4  
  33  4:15  Drone x3  
  36  4:17  Drone x3  
  38  4:25  Extractor  
  38  4:28  Zergling x6  
  38  4:29  Zergling x4  
  39  4:37  Spine Crawler  
  35  4:39  Spine Crawler  
  35  4:44  Overlord  
  34  4:50  Overlord  
  30  5:04  Roach Warren  
  30  5:06  Hydralisk Den  
  28  5:09  Queen  
  28  5:11  Drone  
  28  5:13  Drone  
  32  5:24  Overseer  
  32  5:27  Zergling x8  
  34  5:33  Drone x2  
  34  5:35  Drone  
  37  5:44  Zergling x4  
  37  5:45  Zergling x4  
  37  6:02  Drone  
  37  6:03  Roach  
  40  6:18  Drone  
  41  6:20  Overlord x2  
  41  6:26  Overlord x2  
  41  6:32  Drone  
  41  6:36  Overlord  
  41  6:38  Drone x3  
  41  6:39  Drone x5  
  49  6:48  Drone x3  
  49  6:52  Drone x2  
  49  6:53  Drone  
  55  6:56  Drone  
  55  6:59  Extractor  
  55  7:01  Extractor  
  54  7:02  Drone x3  
  54  7:06  Spore Crawler  
  56  7:09  Overseer  
  56  7:10  Hydralisk  
  56  7:12  Drone  
  59  7:21  Hydralisk x3  
  65  7:27  Spore Crawler  
  64  7:41  Hydralisk x3  
  67  8:01  Drone x4  
  67  8:03  Overlord  
  67  8:04  Overlord x2  
  71  8:10  Queen x2  
  75  8:16  Drone  
  75  8:17  Drone x2  
  75  8:18  Drone  
  75  8:19  Hatchery  
  78  8:21  Overlord  
  78  8:32  Overseer  
  78  8:37  Pneumatized Carapace  
  78  8:40  Drone x3  
  81  8:42  Drone  
  81  8:44  Hydralisk  
  81  8:45  Hydralisk x3  
  90  8:56  Drone, Extractor  
  90  8:58  Drone  
  91  9:08  Roach, Hydralisk x4  
  91  9:09  Roach x2, Hydralisk  
  107  9:29  Hydralisk x2  
  107  9:30  Roach  
  113  9:36  Overseer  
  107  9:38  Drone  
  107  9:40  Drone  
  107  9:41  Drone x2  
  107  9:45  Extractor  
  86  9:58  Evolution Chamber  
  85  10:05  Evolution Chamber  
  84  10:10  Drone x3  
  84  10:11  Drone x2  
  84  10:12  Drone x5, Extractor  
  93  10:15  Queen x2  
  93  10:19  Overseer  
  91  10:35  Overlord x5  
  87  10:36  Hydralisk x4  
  87  10:37  Hydralisk x3  
  95  10:59  Hydralisk x2  
  95  11:00  Roach x3, Hydralisk x2  
  95  11:03  Zergling x10, Roach  
  106  11:15  Hydralisk  
  106  11:17  Roach x3  
  108  11:29  Drone  
  108  11:30  Drone x2  
  108  11:31  Drone x3  
  114  11:34  Drone x2  
  116  11:46  Drone  
  117  11:48  Drone  
  117  11:49  Drone x2  
  117  11:53  Extractor  
  119  11:57  Zerg Missile Weapons Level 1  
  119  11:58  Zerg Ground Armor Level 1, Hydralisk x2  
  119  11:59  Roach  
  119  12:00  Zergling x2, Roach  
  128  12:11  Muscular Augments  
  128  12:18  Overlord x4  
  128  12:19  Overlord x2  
  128  12:33  Overlord  
  128  12:34  Overlord x2  
  128  12:39  Hydralisk x2  
  128  12:40  Roach x3, Hydralisk x4  
  128  12:41  Roach, Hydralisk  
  150  12:52  Hydralisk x3  
  150  12:53  Roach x3  
  160  13:06  Roach, Hydralisk x3  
  160  13:07  Roach  
  167  13:15  Infestation Pit  
  162  13:21  Hydralisk x2  
  162  13:22  Hydralisk  
  162  13:24  Zergling x8  
  162  13:25  Zergling x10  
  162  13:26  Overlord x2  
  162  13:27  Overlord x2  
  156  13:34  Drone  
  149  13:54  Hydralisk x2  
  149  13:55  Hydralisk x6  
  165  14:04  Overseer  
  120  14:31  Hydralisk x4  
  112  14:32  Hydralisk x6  
  112  14:33  Hydralisk x2  
  136  14:39  Drone  
  137  14:47  Drone  
  137  14:49  Roach x5  
  137  14:50  Roach  
  150  14:55  Drone x2  
  152  15:25  Spine Crawler  
  151  15:31  Spine Crawler  
  151  15:32  Spine Crawler  
  151  15:33  Spine Crawler, Hydralisk x4  
  151  15:34  Hydralisk x4  
  164  15:35  Overlord  
  164  15:36  Overlord x2, Hydralisk  
  164  15:37  Hydralisk x3  
  172  15:44  Hydralisk  
  172  15:45  Hydralisk x4  
  172  15:46  Hydralisk  
  126  16:13  Hydralisk  
  126  16:14  Hydralisk x5  
  126  16:15  Roach x2, Hydralisk  
  126  16:16  Roach x2  
  148  16:26  Glial Reconstitution  
  108  16:48  Hydralisk x8  
  108  16:51  Zergling x14  
  118  17:23  Hydralisk  
  118  17:24  Hydralisk x10  
  140  17:35  Hydralisk  
  140  17:36  Hydralisk x3  
  148  17:38  Zergling x16  
  156  17:45  Burrow  
  165  18:16  Hydralisk x2  
Show
View Real Time Build Order
Export as new Build Order

tung Zerg 

Build Orders: Hatch First 

Get SALT Encoding   

  12  0:01  Drone  
  13  0:11  Drone  
  14  0:43  Hatchery  
  14  0:45  Drone  
  14  0:58  Spawning Pool  
  13  1:14  Drone  
  14  1:30  Hatchery  
  14  1:32  Drone  
  14  1:37  Extractor  
  13  1:48  Drone  
  13  1:49  Overlord  
  14  1:57  Drone  
  14  1:58  Drone  
  16  2:06  Overlord  
  16  2:13  Drone  
  17  2:21  Zergling x4  
  19  2:24  Zergling x2  
  20  2:30  Drone, Extractor  
  20  2:33  Drone  
  21  2:42  Drone x2  
  23  2:52  Lair  
  23  2:57  Drone  
  24  3:00  Drone  
  25  3:08  Drone x2  
  27  3:16  Drone  
  27  3:17  Drone  
  28  3:28  Drone x4  
  32  3:34  Pneumatized Carapace  
  32  3:40  Drone x2  
  34  3:49  Drone  
  34  3:50  Drone x3  
  38  4:02  Drone x2  
  39  4:03  Hydralisk Den, Drone x2  
  39  4:07  Overlord  
  40  4:12  Queen  
  42  4:23  Overlord  
  42  4:26  Overlord  
  42  4:31  Hydralisk x2  
  42  4:32  Hydralisk x2  
  42  4:37  Overseer  
  50  4:42  Drone x4  
  54  4:46  Extractor  
  54  4:51  Queen  
  55  4:54  Drone x4  
  55  4:59  Hydralisk  
  61  5:03  Overseer  
  61  5:07  Hydralisk  
  61  5:08  Hydralisk  
  61  5:11  Overlord  
  65  5:19  Overlord  
  65  5:30  Overlord  
  65  5:31  Overlord  
  65  5:32  Hydralisk x4  
  73  5:39  Overlord  
  73  5:42  Queen  
  75  5:49  Muscular Augments  
  75  5:50  Evolution Chamber  
  74  5:59  Hydralisk x2  
  74  6:01  Overlord  
  74  6:02  Drone x2  
  74  6:03  Drone x4  
  84  6:06  Extractor  
  84  6:09  Extractor, Hydralisk x2  
  86  6:24  Hydralisk x3  
  92  6:38  Drone x6  
  92  6:39  Drone x3  
  101  6:44  Zerg Missile Weapons Level 1  
  101  6:45  Hydralisk  
  101  6:46  Hydralisk  
  105  6:58  Hatchery  
  105  6:59  Overseer  
  104  7:02  Hydralisk x2  
  104  7:05  Overlord x2  
  108  7:11  Hydralisk  
  108  7:12  Hydralisk  
  108  7:14  Overlord x2  
  112  7:21  Extractor  
  111  7:30  Overlord x3  
  111  7:39  Hydralisk x3  
  111  7:40  Evolution Chamber, Hydralisk x4  
  124  7:57  Hydralisk x3  
  124  7:58  Hydralisk x2  
  134  8:09  Hydralisk x3  
  134  8:10  Hydralisk  
  142  8:27  Overlord, Drone x3  
  143  8:28  Overlord  
  143  8:30  Zerg Ground Armor Level 1  
  145  8:39  Hydralisk x4  
  145  8:40  Hydralisk x2  
  157  8:48  Overseer x2  
  153  9:16  Hydralisk x3  
  153  9:17  Hydralisk x7  
  97  9:53  Hydralisk x5  
  97  9:54  Hydralisk x7  
  121  10:07  Hydralisk  
  121  10:08  Hydralisk x3  
  121  10:09  Hydralisk  
  121  10:12  Drone  
  121  10:13  Drone x3  
  135  10:20  Overlord  
  135  10:21  Hydralisk x4  
  107  10:49  Hydralisk  
  95  10:50  Hydralisk x8  
  95  10:52  Hydralisk  
  95  10:56  Hydralisk  
  109  11:04  Extractor  
  109  11:08  Extractor  
  109  11:09  Metabolic Boost  
  107  11:12  Zerg Missile Weapons Level 2  
  107  11:25  Hydralisk  
  107  11:26  Hydralisk x4  
  117  11:34  Hydralisk x3  
  123  11:47  Overseer  
  123  11:54  Hydralisk  
  123  11:55  Hydralisk x5  
  123  11:57  Hydralisk  
  123  11:59  Zergling x8  
  123  12:00  Zergling x10  
  123  12:01  Zergling x10  
  151  12:10  Zerg Melee Weapons Level 1  
  151  12:17  Hydralisk x3  
  151  12:18  Hydralisk x3  
  151  12:19  Overlord  
  158  13:04  Hydralisk x4  
  158  13:05  Hydralisk x8  
  153  13:06  Hydralisk x4  
  124  13:19  Hydralisk x3  
  116  13:20  Hydralisk  
  116  13:40  Hydralisk x3  
  116  13:41  Hydralisk x3  
Show
View Real Time Build Order
Export as new Build Order

Sophisticake Terran 

Build Orders:  

Get SALT Encoding   

  12  0:02  SCV  
  14  0:14  SCV  
  14  0:26  SCV  
  15  0:35  Refinery  
  15  0:41  Supply Depot  
  15  1:03  SCV  
  16  1:17  Barracks  
  16  1:22  SCV  
  17  1:35  SCV  
  17  1:38  Refinery  
  19  1:47  SCV  
  19  1:59  SCV  
  20  2:05  Factory  
  20  2:11  Orbital Command  
  21  2:18  Engineering Bay  
  20  2:39  Command Center  
  20  2:47  SCV  
  21  2:51  Supply Depot  
  21  2:52  Factory Reactor  
  21  2:53  Widow Mine  
  23  3:09  SCV  
  23  3:20  Supply Depot  
  23  3:21  SCV  
  23  3:26  Widow Mine  
  26  3:46  SCV, Supply Depot  
  27  3:52  Orbital Command  
  27  3:54  Widow Mine  
  27  3:55  Refinery  
  29  3:56  Starport  
  29  3:57  Starport  
  27  4:22  SCV x2  
  27  4:23  Widow Mine  
  31  4:33  Supply Depot  
  31  4:34  SCV x2  
  33  4:42  Command Center  
  33  4:46  SCV  
  34  5:18  Starport Tech Lab  
  34  5:19  Starport Tech Lab  
  34  5:21  Starport  
  34  5:27  SCV x2  
  36  5:39  SCV x2  
  36  5:40  Banshee x2  
  36  5:41  Cloaking Field  
  44  5:45  Hyperflight Rotors  
  44  5:51  SCV x2  
  44  6:03  SCV  
  43  6:12  Starport Tech Lab  
  43  6:14  SCV x2  
  43  6:15  SCV, Supply Depot  
  46  6:18  Refinery  
  46  6:26  Orbital Command, SCV  
  46  6:27  Refinery, SCV  
  46  6:31  Refinery  
  48  6:39  Banshee x2, SCV x2  
  48  6:40  Banshee  
  57  6:51  SCV x2  
  57  6:53  Engineering Bay  
  59  6:55  SCV  
  60  7:03  SCV x2  
  62  7:22  Banshee x3  
  68  8:00  SCV x3  
  68  8:05  Banshee x3  
  74  8:12  SCV x3  
  83  8:23  Sensor Tower  
  83  8:24  Fusion Core, Starport  
  83  8:26  Starport  
  83  8:30  Supply Depot  
  83  8:43  Missile Turret  
  83  8:47  SCV x3  
  83  8:48  Banshee x2  
  89  8:51  Banshee  
  89  8:54  Supply Depot x2  
  89  8:55  Supply Depot  
  95  8:58  Supply Depot  
  95  8:59  SCV x3  
  98  9:03  Missile Turret  
  98  9:11  SCV  
  98  9:16  Supply Depot  
  99  9:19  Supply Depot  
  81  10:15  Weapon Refit  
  81  10:16  Starport Tech Lab  
  81  10:17  Starport Tech Lab  
  72  10:21  Starport Tech Lab x2  
  72  10:23  Battlecruiser x3  
  90  10:29  Armory  
  90  10:30  Armory, SCV x3  
  93  10:45  Battlecruiser x2  
  93  10:48  Command Center  
  105  10:53  Command Center  
  105  11:27  Battlecruiser x2  
  105  11:28  Battlecruiser  
  105  11:30  SCV  
  105  11:31  SCV x2  
  126  11:43  SCV  
  127  11:49  Battlecruiser  
  127  11:51  Terran Ship Weapons Level 1, Terran Vehicle And Ship Armor Level 1  
  127  11:53  Battlecruiser  
  139  12:07  Refinery  
  133  12:29  Planetary Fortress  
  133  12:30  Planetary Fortress  
  133  12:31  Battlecruiser  
  133  12:33  Refinery  
  139  12:41  Missile Turret  
  139  12:42  Missile Turret  
  139  12:44  Missile Turret  
  139  12:48  Missile Turret  
  139  12:55  Supply Depot  
  139  13:05  Missile Turret x2  
  139  13:08  Missile Turret  
  139  13:11  Battlecruiser x2  
  151  14:07  SCV x3  
  151  14:08  SCV  
  137  14:35  Battlecruiser x5  
  167  15:08  Terran Vehicle And Ship Armor Level 2, Terran Ship Weapons Level 2  
  167  15:32  Missile Turret  
  167  15:39  Battlecruiser x2  
  173  15:52  Missile Turret  
  137  16:11  Missile Turret  
  137  16:16  Battlecruiser x3  
  143  16:31  Missile Turret  
  131  16:43  Battlecruiser  
  131  16:50  Battlecruiser  
  131  16:51  Missile Turret  
  128  17:10  Missile Turret  
  118  17:20  Battlecruiser  
  123  17:43  Battlecruiser x2, Command Center  
  135  17:47  Command Center  
  135  17:49  Command Center  
Show
View Real Time Build Order
Export as new Build Order

Michael Protoss 

Build Orders:  

Get SALT Encoding   

  12  0:01  Probe (Chrono Boost)  
  13  0:11  Probe (Chrono Boost)  
  14  0:18  Pylon  
  14  0:23  Probe (Chrono Boost)  
  15  0:31  Assimilator  
  15  0:36  Assimilator  
  15  0:39  Probe (Chrono Boost)  
  17  0:50  Probe (Chrono Boost)  
  17  1:03  Probe (Chrono Boost)  
  18  1:08  Gateway  
  18  1:09  Gateway  
  18  1:21  Pylon  
  18  1:22  Probe (Chrono Boost)  
  19  1:33  Probe (Chrono Boost)  
  19  1:37  Gateway  
  20  1:43  Probe (Chrono Boost)  
  21  1:54  Probe (Chrono Boost)  
  22  2:05  Pylon, Cybernetics Core  
  22  2:07  Probe (Chrono Boost)  
  23  2:17  Probe (Chrono Boost)  
  24  2:25  Forge  
  24  2:42  Mothership Core (Chrono Boost)  
  26  2:51  Stalker x2  
  26  2:53  Stalker  
  32  3:06  Photon Cannon  
  32  3:12  Pylon  
  32  3:31  Stalker x2  
  32  3:32  Stalker  
  38  3:45  Photon Cannon  
  38  4:14  Protoss Ground Weapons Level 1 (Chrono Boost)  
  38  4:16  Warp Gate  
  38  4:20  Photon Cannon  
  38  4:25  Pylon  
  38  4:33  Stalker x2  
  42  4:41  Stalker  
  40  5:03  Stalker x2  
  38  5:13  Mothership Core  
  38  5:29  Stalker  
  38  5:33  Stalker x2  
  44  5:56  Protoss Shields Level 1 (Chrono Boost)  
  44  6:17  Nexus  
  44  6:20  Pylon  
  44  6:36  Nexus  
  44  6:38  Pylon  
  44  6:48  Stalker  
  44  6:49  Stalker  
  44  6:51  Stalker  
  50  7:21  Robotics Facility  
  50  7:31  Pylon  
  50  7:38  Pylon  
  50  7:42  Protoss Ground Armor Level 1 (Chrono Boost)  
  50  7:46  Probe  
  51  7:56  Probe  
  52  8:04  Probe  
  53  8:07  Probe  
  54  8:14  Probe  
  54  8:17  Probe  
  56  8:25  Probe  
  56  8:27  Observer  
  58  8:28  Probe  
  59  8:35  Probe  
  59  8:38  Probe  
  61  8:42  Stargate  
  61  8:43  Stargate  
  61  8:46  Probe  
  62  8:49  Stargate  
  62  8:54  Probe  
  62  8:55  Assimilator  
  62  8:56  Probe  
  62  9:00  Assimilator  
  64  9:04  Probe  
  64  9:07  Probe  
  66  9:15  Probe  
  67  9:18  Probe  
  68  9:25  Probe  
  68  9:28  Probe  
  68  9:39  Probe  
  67  9:46  Stalker x3  
  73  9:56  Gateway x2  
  64  10:15  Probe  
  65  10:23  Fleet Beacon, Stalker x2  
  65  10:24  Pylon, Stalker  
  65  10:25  Probe  
  72  10:30  Probe, Pylon  
  72  10:34  Assimilator  
  73  10:36  Probe  
  73  10:38  Assimilator  
  73  10:42  Twilight Council  
  74  10:46  Pylon  
  74  10:47  Probe  
  75  10:51  Observer  
  76  10:57  Probe  
  73  11:25  Stalker x2  
  65  11:26  Stalker x3  
  73  11:38  Probe  
  74  11:40  Charge (Chrono Boost)  
  74  11:47  Carrier x2 (Chrono Boost)  
  74  11:48  Carrier (Chrono Boost)  
  74  11:49  Probe  
  74  11:53  Pylon  
  93  11:55  Graviton Catapult  
  93  12:01  Probe  
  93  12:05  Nexus  
  94  12:08  Protoss Air Weapons Level 1  
  94  12:15  Photon Cannon  
  94  12:38  Gateway  
  94  12:50  Stalker  
  94  12:51  Stalker x4  
  104  13:00  Pylon  
  102  13:20  Blink  
  102  13:25  Carrier x2 (Chrono Boost)  
  100  13:42  Mothership Core  
  100  13:45  Stalker x4  
  100  13:47  Stalker  
  110  13:55  Probe  
  111  14:06  Probe  
  118  14:16  Probe  
  115  14:27  Probe  
  100  14:35  Stalker x3  
  100  14:36  Stalker x2  
  100  14:37  Probe, Stalker  
  83  15:10  Zealot  
  83  15:11  Zealot x5  
  100  15:15  Carrier x2 (Chrono Boost)  
  112  15:24  Pylon  
  112  15:26  Carrier (Chrono Boost), Pylon  
  112  15:42  Nexus, Pylon  
  112  15:50  Gateway x2  
  112  15:52  Cybernetics Core  
  112  15:53  Gateway  
  112  15:56  Gateway  
  112  16:01  Pylon  
  112  16:06  Pylon  
  112  16:10  Zealot x4  
  112  16:11  Zealot x2  
  108  16:49  Zealot x6  
  120  16:57  Mothership Core  
  76  17:26  Robotics Facility  
  76  17:28  Pylon  
  76  17:30  Forge  
  76  17:32  Zealot x3  
  76  17:33  Zealot x4  
  76  17:34  Zealot x3  
  96  17:41  Probe  
  97  17:52  Probe  
  97  17:54  Assimilator  
  97  17:58  Assimilator  
  98  18:01  Pylon  
  98  18:02  Probe  
  98  18:03  Pylon  
  98  18:04  Photon Cannon  
  99  18:09  Photon Cannon  
  99  18:10  Carrier x2 (Chrono Boost)  
  117  18:13  Probe, Photon Cannon  
  117  18:14  Observer  
  117  18:16  Photon Cannon  
  119  18:21  Carrier (Chrono Boost)  
  119  18:22  Photon Cannon  
  119  18:23  Probe  
  119  18:24  Photon Cannon  
  120  18:31  Forge  
  120  18:35  Observer, Zealot x3  
  120  18:36  Zealot x3  
  113  18:58  Zealot x4  
  113  18:59  Zealot x3  
Tags
 
Add a new tag
Caveats
  • Supply blocks, unpowered buildings, or Contaminate may cause inaccurate times.
  • Supply counts are checked every 10 seconds.